 Dungeon Crawl Stone Soup version 0.32-a0-306-gfed3edf829 (webtiles) character file.

Game seed: 6033299254634178181

882 HC7 the Ducker (level 7, -5/66 HPs)
             Began as a Troll Warper on Feb 14, 2024.
             Was a Follower of Sif Muna.
             Killed by divine providence
             ... invoked by an orc priest
              (14 damage)
             ... on level 6 of the Dungeon.
             The game lasted 00:24:37 (4534 turns).

HC7 the Ducker (Troll Warper)                       Turns: 4534, Time: 00:24:37

Health: -5/66      AC:  8    Str: 20    XL:     7   Next: 76%
Magic:  9/9        EV: 10    Int:  9    God:    Sif Muna [*.....]
Gold:   285        SH:  0    Dex: 11    Spells: 5/10 levels left

rFire   . . .        t - +1 short sword (freeze)
rCold   . . .        (no shield)
rNeg    . . .        b - +1 robe
rPois   .            (helmet restricted)
rElec   .            e - +2 cloak
rCorr   .            (gloves unavailable)
SInv    .            (boots unavailable)
Will    .....        w - amulet of magic regeneration
Stlth   ++           (no ring)
HPRegen 1.11/turn    (no ring)
MPRegen 0.51/turn

%: no passive effects
@: no status effects
A: large, unfitting armour, claws 3, regeneration 1, shaggy fur 1, tough skin 1
a: Renounce Religion, Channel Magic


You were on level 6 of the Dungeon.
You worshipped Sif Muna.
Sif Muna was aware of your devotion.
You visited 2 branches of the dungeon, and saw 7 of its levels.

You collected 285 gold pieces.

Inventory:

Hand Weapons
 a - a +0 spear
 t - a +1 short sword of freezing (weapon)
Missiles
 d - 7 darts of dispersal (quivered)
 m - 4 poisoned darts
Armour
 b - a +1 robe (worn)
 e - a +2 cloak (worn)
 s - an orb of guile
Magical Staves
 y - a staff of death
Jewellery
 g - a ring of fire
 o - an amulet of the acrobat
 w - an amulet of magic regeneration (around neck)
Talismans
 n - a serpent talisman
 p - a maw talisman
Wands
 u - a wand of mindburst (14)
 v - a wand of digging (5)
Scrolls
 c - a scroll of butterflies
Potions
 f - a potion of curing
 h - 2 potions of heal wounds
 i - a potion of enlightenment
 j - 3 potions of brilliance
 k - a potion of resistance {unknown}
 l - 2 potions of attraction
 q - 2 potions of lignification {unknown}
 r - 3 potions of mutation {unknown}
 x - a potion of ambrosia {unknown}
 z - a potion of haste {unknown}


   Skills:
 + Level 2.4 Fighting
 + Level 1.2 Short Blades
 + Level 1.7 Polearms
 + Level 0.8 Throwing
 + Level 4.0 Dodging
 * Level 1.7 Stealth
 + Level 3.7 Unarmed Combat
 * Level 2.2 Spellcasting
 + Level 2.7 Translocations
 * Level 2.1 Shapeshifting


You had 5 spell levels left.
You knew the following spells:

 Your Spells              Type           Power      Damage    Failure   Level
a - Sublimation of Blood  Necr           1%         N/A       45%         2
b - Gell's Gravitas       Tloc           5%         N/A       32%         3

Your spell library contained the following spells:

 Spells                   Type           Power      Damage    Failure   Level
 Blink                    Tloc           10%        N/A       16%         2
 Lesser Beckoning         Tloc           10%        N/A       16%         2
 Teleport Other           Tloc           5%         N/A       32%         3
 Call Imp                 Summ           2%         N/A       45%         2
 Manifold Assault         Tloc           5%         N/A       71%         4
 Vhi's Electric Charge    Tloc/Air       6%         N/A       88%         4
 Dispersal                Tloc           2%         N/A       100%        6
 Malign Gateway           Summ/Tloc      1%         N/A       100%        7
 Summon Hydra             Summ           0%         N/A       100%        7
 Summon Horrible Things   Summ           0%         N/A       100%        8


Dungeon Overview and Level Annotations

Branches:
Dungeon (6/15)             Temple (1/1) D:5

Altars:
Cheibriados
Elyvilon
Gozag
Hepliaklqana
Makhleb
Nemelex Xobeh
Okawaru
Qazlal
Ru
Sif Muna
Trog
Xom
Yredelemnul
Zin
The Shining One

Shops:
D:2 **(

Annotations:
D:2 Sigmund


Innate Abilities, Weirdness & Mutations

You are too large for most types of armour.
You have claws for hands.
Your natural rate of healing is unusually fast.
You are covered in fur. (AC +1)
You have tough skin. (AC +1)


Message History

The orc priest invokes the aid of Beogh against you.
Beogh smites you!
* * * LOW HITPOINT WARNING * * *
The orc hits you with a +0 trident.
* * * LOW HITPOINT WARNING * * *
The orc priest attacks as it pursues you!
The orc priest hits you but does no damage.
The orc closely misses you.
The orc priest calls down the wrath of Beogh upon you.
You struggle to resist.
The orc priest attacks as it pursues you!
The orc priest hits you but does no damage.
Your magical contamination has completely faded away.
The orc attacks as it pursues you! The orc hits you but does no damage.
The orc attacks as it pursues you! The orc barely misses you.
The orc priest attacks as it pursues you!
The orc priest closely misses you. The orc attacks as it pursues you!
The orc hits you but does no damage.
The orc priest miscasts a cantrip.
The orc attacks as it pursues you!
The orc hits you from afar with a +0 trident.
* * * LOW HITPOINT WARNING * * *
The orc priest attacks as it pursues you!
The orc priest hits you but does no damage.
The orc priest invokes the aid of Beogh against you.
Beogh smites you!
* * * LOW HITPOINT WARNING * * *
The orc closely misses you.
Blink to where?
Press: ? - help, Dir - move target
As you read the scroll of blinking, it crumbles to dust.
The orc priest calls down the wrath of Beogh upon you.
You struggle to resist.
The orc priest begins to cast a cantrip, but forgets the words!
The orc priest invokes the aid of Beogh against you.
Beogh smites you!
* * * LOW HITPOINT WARNING * * *
The orc priest mumbles some strange prayers to Beogh against you.
Beogh smites you!
You die...

#.....#
#######o#......#
#.....#
#.....#.#......#
......#
#.....#.#......#
......##..
#..)..#......###
..).......
#...o.......###.
##)#.....#
####..o........#
#. #.#######
#..............#
#. #.#
#....o.........#
#. #.#
#.@............#
## #.#
#..............#
#.####
+................
. #....#
#.......#########
# ####.#
######### #.# #.#
#.# #.#


You could see 2 orc priests and an orc.

Vanquished Creatures
  2 black bears
  A phantom (D:6)
  2 scorpions
  A sleepcap (D:5)
  5 iguanas
  3 orc wizards
  5 gnolls
  3 adders
  A shadow imp (D:6)
  A white imp (Temple)
  A dart slug (D:1)
  22 orcs
  8 ball pythons
  3 bats
  8 endoplasms
  3 giant cockroaches
  5 goblins
  6 hobgoblins
  8 jackals
  5 kobolds
  4 quokkas
  2 frilled lizards
  4 rats
103 creatures vanquished.

Vanquished Creatures (others)
  A frilled lizard (D:1)
1 creature vanquished.

Grand Total: 104 creatures vanquished

Notes
Turn   | Place    | Note
-------+----------+-------------------------------------------
     0 | D:1      | HC7 the Troll Warper began the quest for the Orb.
     0 | D:1      | Reached XP level 1. HP: 19/19 MP: 1/1
    66 | D:1      | Reached skill level 2 in Dodging
    66 | D:1      | Reached XP level 2. HP: 27/27 MP: 3/3
    72 | D:1      | Learned a level 2 spell: Sublimation of Blood
   250 | D:1      | Reached XP level 3. HP: 30/33 MP: 4/4
   543 | D:1      | Reached skill level 1 in Unarmed Combat
   742 | D:2      | Reached XP level 4. HP: 41/42 MP: 5/5
   777 | D:2      | Found Ekuphy's General Store.
   871 | D:2      | Found Huusenli's Assorted Antiques.
   895 | D:2      | Found Waiqarank's Weapon Boutique.
  1373 | D:2      | Noticed Sigmund
  1548 | D:3      | Found a burning altar of Makhleb.
  1725 | D:3      | Reached XP level 5. HP: 22/49 MP: 6/6
  1828 | D:3      | You fall into a shaft and drop 1 floor!
  1968 | D:4      | Reached skill level 3 in Dodging
  1974 | D:4      | Reached XP level 6. HP: 57/57 MP: 7/7
  2117 | D:3      | Reached skill level 1 in Shapeshifting
  2177 | D:3      | Found a sparkling altar of Nemelex Xobeh.
  2425 | D:3      | Found a faded altar of an unknown god.
  2425 | D:3      | Found a glowing silver altar of Zin.
  2433 | D:3      | Found a sacrificial altar of Ru.
  2440 | D:3      | Found a faded altar of an unknown god.
  2442 | D:3      | Found a white marble altar of Elyvilon.
  2773 | D:4      | Learned a level 3 spell: Gell's Gravitas
  2849 | D:4      | Reached skill level 1 in Stealth
  2910 | D:4      | Found a shimmering blue altar of Sif Muna.
  2927 | D:4      | Became a worshipper of Sif Muna the Loreminder
  3255 | D:5      | Entered Level 5 of the Dungeon
  3321 | D:5      | Found a staircase to the Ecumenical Temple.
  3332 | Temple   | Entered the Ecumenical Temple
  3514 | D:5      | Reached XP level 7. HP: 51/65 MP: 7/9
  3831 | D:5      | Found a stormy altar of Qazlal.
  3833 | D:5      | Noticed an air elemental
  3834 | D:5      | Noticed a water elemental
  3834 | D:5      | Noticed a fire elemental
  4363 | D:6      | Reached skill level 1 in Short Blades
  4419 | D:6      | Reached * piety under Sif Muna
  4420 | D:6      | Reached skill level 4 in Dodging
  4534 | D:6      | Killed from afar by an orc priest

Illustrated notes

Levels and vault maps discovered:
D:1:      ncdulo_lavacross, layout_basic, minmay_distorted
D:2:      layout_basic, serial_shops, shop, nicolae_shop_advertising_works
          [nicolae_subvault_shop_adworks], nicolae_square_shop, uniq_sigmund
D:3:      layout_loops_ring, chequers_temple_overflow_minitemple,
          lightli_temple_of_fire, lemuel_doored_altar, hex_large
D:4:      minmay_evil_eye, layout_basic, overflow_temple_1_default
D:5:      layout_basic, nicolae_qazlal_style_of_elements, temple_pool_b
D:6:      layout_basic, grunt_temple_overflow_growth_and_decay
Temple:   hellmonk_temple_two_chambers

Skill      XL: |  1  2  3  4  5  6  7 |
---------------+----------------------+-----
Dodging        | 2 3 4 |  4.0
Unarmed Combat | 1 2 3 |  3.7
Shapeshifting  | 1 2 |  2.1
Fighting       | 2 |  2.4
Stealth        | 1 |  1.7
Spellcasting   | 2 |  2.2
Short Blades   | 1 |  1.2
Polearms       | |  1.7
Throwing       | |  0.8
Translocations | |  2.7

Action                     |  1- 3 |  4- 6 |  7- 9 || total
---------------------------+-------+-------+-------++-------
  Melee: Spear             |     7 |       |       ||     7
         Unarmed           |    80 |   157 |       ||   237
         Punch             |     1 |     4 |       ||     5
         Short sword       |       |    91 |   155 ||   246
   Cast: Gell's Gravitas   |       |       |     1 ||     1
    Use: Scroll            |     3 |     7 |     5 ||    15
   Stab: Sleeping          |       |     1 |     1 ||     2
 Armour: Robe              |    80 |   230 |   186 ||   496
  Dodge: Dodged            |    43 |   160 |   106 ||   309

Table legend: (Time is in decaauts)
 A = Elapsed time spent in this place.
 B = Non-inter-level travel time spent in this place.
 C = Inter-level travel time spent in this place.
 D = Time resting spent in this place.
 E = Time spent auto-exploring this place.
 F = Levels seen in this place.
 G = Mean time per level.
                   A        B        C        D        E       F      G
               +--------+--------+--------+--------+--------+-----+--------+
         Total |   4522 |   4330 |    192 |      0 |   2413 |   7 |  646.0 |
       Dungeon |   4440 |   4248 |    192 |      0 |   2413 |   6 |  740.0 |
        Temple |     82 |     82 |      0 |      0 |      0 |   1 |   82.0 |
               +--------+--------+--------+--------+--------+-----+--------+

Top non-repeatable levels by time:
     D:3: 981 daAuts
     D:4: 817 daAuts
     D:2: 724 daAuts
     D:1: 722 daAuts
     D:5: 673 daAuts
     D:6: 520 daAuts
  Temple: 82 daAuts
